 Dungeon Crawl Stone Soup version 0.30-a0-359-gd0147acb1a (webtiles) character file.

Game seed: 122859355580405792

852 NinjaNoafa the Fighter (level 8, -5/71 HPs)
             Began as a Merfolk Gladiator on Nov 11, 2022.
             Was a Follower of Uskayaw.
             Slain by an orc wizard
             ... wielding a +1 dagger of distortion
              (20 damage)
             ... on level 5 of the Dungeon.
             The game lasted 00:07:37 (3964 turns).

NinjaNoafa the Fighter (Merfolk Gladiator)          Turns: 3964, Time: 00:07:37

Health: -5/71      AC:  5    Str: 13 (14) XL:     8   Next: 1%
Magic:  8/8        EV: 17    Int:  4 (7)  God:    Uskayaw [*.....]
Gold:   27         SH:  0    Dex: 17 (18) Spells: 7/7 levels left

rFire   . . .      SeeInvis .    G - +2 short sword (drain)
rCold   . . .      Faith    +    (no shield)
rNeg    . . .      Spirit   .    b - +0 leather armour
rPois   +          Reflect  .    c - +0 helmet
rElec   .          Harm     .    (no cloak)
rCorr   .          Rampage  .    (no gloves)
Will    .....                    u - +0 pair of boots
Stlth   +.........               e - amulet of faith
HPRegen 0.31/turn                g - ring of poison resistance
MPRegen 0.11/turn                m - +4 ring of evasion

@: confused, ambrosia-drunk
A: (nimble swimmer 2), mertail
a: Renounce Religion, Stomp


You were on level 5 of the Dungeon.
You worshipped Uskayaw.
Uskayaw was noncommittal.
You visited 2 branches of the dungeon, and saw 6 of its levels.

You collected 165 gold pieces.
You spent 138 gold pieces at shops.

Inventory:

Hand Weapons
 G - a +2 short sword of draining (weapon)
Missiles
 d - 3 throwing nets
 k - 29 stones
 l - a javelin (quivered)
 r - 3 boomerangs
 t - 2 poisoned darts
Armour
 b - a +0 leather armour (worn)
 c - a +0 helmet (worn)
 u - a +0 pair of boots (worn)
Jewellery
 e - an amulet of faith (around neck)
 g - a ring of poison resistance (left hand)
 m - a +4 ring of evasion (right hand)
 w - a ring of magical power
Wands
 E - a wand of roots (8)
Scrolls
 a - a scroll of silence {unknown}
 f - a scroll of brand weapon {unknown}
 h - 4 scrolls of identify {unknown}
 i - a scroll of enchant armour {unknown}
 j - a scroll of blinking {unknown}
 q - a scroll of teleportation {unknown}
 s - a scroll of magic mapping {unknown}
 v - a scroll of vulnerability {unknown}
 x - a scroll of immolation {unknown}
 y - a scroll of poison {unknown}
 z - a scroll of enchant weapon {unknown}
 A - 2 scrolls of fog {unknown}
 C - a scroll of amnesia {unknown}
Potions
 n - a potion of cancellation {unknown}
 o - a potion of lignification {unknown}
 p - a potion of curing
 B - 2 potions of attraction
 F - a potion of might


   Skills:
 + Level 9.4 Fighting
 - Level 4.6 Short Blades
 - Level 2.0 Throwing
 - Level 4.0 Dodging


You had 7 spell levels left.
You didn't know any spells.
Your spell library was empty.

Dungeon Overview and Level Annotations

Branches:
Dungeon (5/15)             Temple (1/1) D:4

Altars:
Dithmenos
Elyvilon
Hepliaklqana
Kikubaaqudgha
Makhleb
Okawaru
Ru
Trog
Uskayaw
Vehumet
Wu Jian
Xom
Yredelemnul
Zin
The Shining One

Shops:
D:2 *   D:3 *


Innate Abilities, Weirdness & Mutations

((You are very nimble when in or above water. (Stealth+, EV+, Speed+++)))
Your lower body shifts to a powerful aquatic tail in water.


Message History

You miss something. You hit something. Something closely misses you.
You hit something but do no damage. Something hits you but does no damage.
Space warps around you!
You feel less attractive to monsters.
You miss something. Something hits you but does no damage.
You blink.
Something hits you. Space warps around you!
You hit something but do no damage. The hound barely misses you.
Okay, then.
The hound bites you but does no damage.
Aiming: Line Pass
Press: ? - help, Dir - move target The hound appears confused.
The orc appears confused.
Something hits you but does no damage. Space warps horribly around you!
* * * LOW HITPOINT WARNING * * *
The hound bites you but does no damage.
You barely miss the hound.
The hound bites itself.
Something hits you.
* * * LOW HITPOINT WARNING * * *
Space warps around you.
* * * LOW HITPOINT WARNING * * *
The orc seems less confused.
The hound seems less confused.
The hound misses you. Something hits you.
* * * LOW HITPOINT WARNING * * *
You blink.
You can no longer pass through a line of other dancers.
Unknown command.
It was a potion of curing.
You feel better.
It was a potion of degeneration.
There was something very wrong with that liquid.
You feel weakened.
You feel dopey.
You feel clumsy.
It was a potion of ambrosia.
You are confused.
You feel invigorated.
Okay, then.
The hound closely misses you. The hound bites you.
Something hits you but does no damage. Space warps horribly around you!
* * * LOW HITPOINT WARNING * * *
Something hits you.
* * * LOW HITPOINT WARNING * * *
Space warps horribly around you!!
You die...

...#.#..####o##.#.#.
..........).........
..........##..#......
........................
........................
##..#+##.o.##..#...##...
..........##..#...#....
.......h...............
.......@..##..#.........
........................
#.............#...##...#
.......................#
#..#.###...#.##.........
#. #. #...#.##.........
. . ..................
.. .....#............
### .#.##...#..#..


You could see a hound and an orc.

Vanquished Creatures
  A black bear (D:4)
  An ogre (D:4)
  A phantom (D:4)
  A necrophage (D:5)
  2 scorpions (D:4)
  2 howler monkeys (D:4)
  A hound (D:4)
  2 orc wizards
  3 iguanas
  8 adders
  2 ufetubi
  4 worms
  3 dart slugs
  18 orcs
  3 bats
  4 endoplasms
  4 goblins
  7 hobgoblins
  4 jackals (D:1)
  3 quokkas
  7 ball pythons
  5 kobolds
  7 rats
93 creatures vanquished.

Notes
Turn   | Place    | Note
-------+----------+-------------------------------------------
     0 | D:1      | NinjaNoafa the Merfolk Gladiator began the quest for the
                  | Orb.
     0 | D:1      | Reached XP level 1. HP: 16/16 MP: 1/1
   121 | D:1      | Reached XP level 2. HP: 18/22 MP: 2/2
   314 | D:1      | HP: 1/22 [poisoned by a kobold]
   871 | D:2      | Reached XP level 3. HP: 28/28 MP: 3/3
   946 | D:2      | Reached skill level 3 in Fighting
  1088 | D:2      | Found Tinwatox's Assorted Antiques.
  1288 | D:3      | Found Cuiwko's Assorted Antiques.
  1479 | D:3      | Reached XP level 4. HP: 37/37 MP: 4/4
  1502 | D:3      | Found a basalt altar of Yredelemnul.
  1630 | D:3      | Found a glowing golden altar of the Shining One.
  1659 | D:3      | Found a hazy altar of Hepliaklqana.
  1662 | D:3      | Found a hide-covered altar of Uskayaw.
  1662 | D:3      | Found a shimmering altar of Xom.
  1840 | D:3      | Became a worshipper of Uskayaw the Reveller
  1907 | D:3      | Reached skill level 4 in Fighting
  1924 | D:3      | Reached * piety under Uskayaw
  1972 | D:3      | Reached ** piety under Uskayaw
  1985 | D:3      | Reached *** piety under Uskayaw
  2559 | D:3      | Reached XP level 5. HP: 19/43 MP: 5/5
  2568 | D:3      | Reached skill level 5 in Fighting
  2579 | D:4      | Noticed an ogre
  2728 | D:4      | Noticed a black bear
  2744 | D:4      | Killed a black bear
  2745 | D:4      | Reached skill level 6 in Fighting
  2745 | D:4      | Reached XP level 6. HP: 34/53 MP: 6/6
  2817 | D:4      | Reached skill level 7 in Fighting
  2947 | D:4      | Found a staircase to the Ecumenical Temple.
  2972 | D:4      | Reached XP level 7. HP: 60/60 MP: 7/7
  2995 | Temple   | Entered the Ecumenical Temple
  3207 | D:4      | Reached skill level 8 in Fighting
  3454 | D:5      | Entered Level 5 of the Dungeon
  3480 | D:3      | Bought a glowing short sword for 138 gold pieces
  3575 | D:4      | Reached **** piety under Uskayaw
  3706 | D:5      | Reached skill level 9 in Fighting
  3946 | D:5      | Reached XP level 8. HP: 43/71 MP: 8/8
  3964 | D:5      | Slain by an orc wizard

Illustrated notes

Levels and vault maps discovered:
D:1:      saegor_arrival_simple_c, layout_basic, chequers_arboretum
D:2:      layout_rooms, serial_shops,
          nicolae_shop_temple_entry_statues_fountains
D:3:      layout_loops_corners, nicolae_overflow_hallway_of_the_gods,
          serial_shops, shop
D:4:      layout_rooms, minmay_temple_entry_slanted, minmay_close_crescents
D:5:      layout_basic, mainiacjoe_overflow_alcove_4, minmay_checkerbox
Temple:   hellmonk_temple_beads

Skill      XL: |  1  2  3  4  5  6  7 |
---------------+----------------------+-----
Short Blades   | 4 |  4.6
Fighting       | 3 4 6 7 9 |  9.4
Throwing       | |  2.0
Dodging        | |  4.0

Action                   |  1- 3 |  4- 6 |  7- 9 || total
-------------------------+-------+-------+-------++-------
Melee: Rapier            |    59 |       |       ||    59
       Short sword       |    59 |   136 |   136 ||   331
       Punch             |     2 |     1 |       ||     3
Throw: Javelin           |     2 |     2 |     2 ||     6
       Throwing net      |     2 |       |       ||     2
Invok: Stomp             |       |     1 |       ||     1
       Line Pass         |       |       |     1 ||     1
  Use: Potion            |       |     1 |     4 ||     5
 Stab: Sleeping          |     3 |     1 |       ||     4
       Distracted        |     1 |       |       ||     1
       Paralysed         |       |     1 |     2 ||     3
Armor: Leather armour    |    22 |    33 |    30 ||    85
Dodge: Dodged            |    80 |   107 |   101 ||   288

Table legend: (Time is in decaauts)
 A = Elapsed time spent in this place.
 B = Non-inter-level travel time spent in this place.
 C = Inter-level travel time spent in this place.
 D = Time resting spent in this place.
 E = Time spent auto-exploring this place.
 F = Levels seen in this place.
 G = Mean time per level.
                   A        B        C        D        E       F      G
               +--------+--------+--------+--------+--------+-----+--------+
         Total |   3890 |   3440 |    450 |      0 |   2595 |   6 |  648.3 |
       Dungeon |   3714 |   3275 |    439 |      0 |   2443 |   5 |  742.8 |
        Temple |    176 |    165 |     11 |      0 |    152 |   1 |  176.0 |
               +--------+--------+--------+--------+--------+-----+--------+

Top non-repeatable levels by time:
     D:3: 1340 daAuts
     D:1: 863 daAuts
     D:4: 719 daAuts
     D:2: 454 daAuts
     D:5: 337 daAuts
  Temple: 176 daAuts
